 Dungeon Crawl Stone Soup version 0.30.0-18-gc0e69614cb (webtiles) character file.

Game seed: 17634833164078170473

209804 McKennaii the Devastator (level 17, -9/111 HPs)
             Began as a Demigod Conjurer on May 24, 2023.
             Mangled by a demonic crawler (13 damage)
             ... on level 3 of the Spider Nest.
             The game lasted 01:22:50 (47258 turns).

McKennaii the Devastator (Demigod Conjurer)        Turns: 47258, Time: 01:22:51

Health: -9/111     AC: 20    Str: 15    XL:     17   Next: 54%
Magic:  20/45      EV: 11    Int: 49    God:
Gold:   1201       SH:  0    Dex: 14    Spells: 32/53 levels left

rFire   + + +        Y - staff of conjuration "Qerchec Sao" {rF+ rCorr Int+4}
rCold   . . .        (no shield)
rNeg    . . .        L - +3 ring mail of Mysticism {Will+ Dex+2 SInv}
rPois   +            n - +2 helmet
rElec   .            N - scarf {rC+ rF+}
rCorr   +            V - +1 pair of gloves {Str+3}
SInv    +            l - +2 pair of boots {Fly}
Will    ++...        K - amulet of magic regeneration
Stlth   ++           U - +6 ring of intelligence
HPRegen 0.38/turn    y - ring of Moxazxio {Fire rPois rCorr Int+3 Stlth+}
MPRegen 0.69/turn

%: no passive effects
@: flying, studying Ice Magic
A: high MP 1, forlorn, divine attributes, iridescent scales 1, MP-powered wands
}: 1/15 runes: barnacled
a: no special abilities


You were on level 3 of the Spider Nest.
You visited 5 branches of the dungeon, and saw 30 of its levels.
You visited 1 bazaar.
You also visited: Sewer, Bailey and Ice Cave.

You collected 3824 gold pieces.
You spent 2623 gold pieces at shops.

Inventory:

Hand Weapons
 H - the +9 mace "Foakhleorch" {flame, *Noise rC+ Will++ Str+4}
   (You found it on level 10 of the Dungeon)

   Str:       It affects your strength (+4).
   rC:        It protects you from cold.
   *Noise:    It may make noises in combat.
   Will:      It greatly increases your willpower.
Armour
 c - the +6 scale mail of Happy Babbling {rPois rF+ Will+}
   (You bought it in a shop in a bazaar)

   rF:        It protects you from fire.
   rPois:     It protects you from poison.
   Will:      It increases your willpower.
 l - a +2 pair of boots of flying (worn)
 n - a +2 helmet (worn)
 L - the +3 ring mail of Mysticism (worn) {Will+ Dex+2 SInv}
   (You found it on level 10 of the Dungeon)

   Dex:       It affects your dexterity (+2).
   SInv:      It lets you see invisible.
   Will:      It increases your willpower.
 N - a scarf of resistance (worn)
 V - a +1 pair of gloves of strength (worn)
Magical Staves
 u - the staff of earth "Utoilo" {Will+}
   (You found it on level 5 of the Lair of Beasts)

   [staff of earth]

   Base accuracy: +5 Base damage: 5 Base attack delay: 1.2 This weapon's minimum
   attack delay (0.6) is reached at skill level 12.
   Will:      It increases your willpower.
   It falls into the 'Staves' category.
   It is a one-handed weapon.
 Y - the staff of conjuration "Qerchec Sao" (weapon) {rF+ rCorr Int+4}
   (You found it on level 4 of the Shoals)

   [staff of conjuration]

   Base accuracy: +5 Base damage: 5 Base attack delay: 1.2 This weapon's minimum
   attack delay (0.6) is reached at skill level 12.
   Int:       It affects your intelligence (+4).
   rF:        It protects you from fire.
   rCorr:     It protects you from acid and corrosion.
   It falls into the 'Staves' category.
   It is a one-handed weapon.
Jewellery
 f - a ring of willpower
 y - the ring of Moxazxio (right hand) {Fire rPois rCorr Int+3 Stlth+}
   (You found it on level 10 of the Dungeon)

   [ring of fire]

   It enhances your fire magic.
   Int:       It affects your intelligence (+3).
   rF:        It protects you from fire.
   rC:        It makes you vulnerable to cold.
   rPois:     It protects you from poison.
   rCorr:     It protects you from acid and corrosion.
   Stlth:     It makes you more stealthy.
 A - a ring of resist corrosion
 K - an amulet of magic regeneration (around neck)
 U - a +6 ring of intelligence (left hand)
 W - a ring of wizardry
 X - a ring of ice
Wands
 j - a wand of paralysis (27)
 v - a wand of flame (24)
 C - a wand of iceblast (9)
 F - a wand of digging (7)
 P - a wand of polymorph (8)
 T - a wand of mindburst (20)
Scrolls
 g - 5 scrolls of magic mapping
 k - 3 scrolls of teleportation
 o - 5 scrolls of vulnerability
 q - 4 scrolls of poison
 t - 4 scrolls of amnesia
 w - 7 scrolls of fog
 x - 6 scrolls of enchant weapon
 z - a scroll of silence
 B - a scroll of blinking
 D - 3 scrolls of brand weapon
 I - 3 scrolls of butterflies
 M - 6 scrolls of immolation
 R - 3 scrolls of fear
Potions
 a - 10 potions of might
 b - 2 potions of magic
 d - 7 potions of haste
 e - 7 potions of brilliance
 h - 6 potions of mutation
 i - 4 potions of invisibility
 m - 5 potions of ambrosia
 p - 7 potions of heal wounds
 r - 5 potions of attraction
 s - a potion of cancellation
 E - 2 potions of berserk rage
 G - a potion of experience
 J - 4 potions of resistance
 Q - 12 potions of curing
 S - 7 potions of flight


   Skills:
 + Level 7.3 Armour
 - Level 1.7 Dodging
 - Level 1.7 Stealth
 + Level 18.7 Spellcasting
 + Level 20.4 Conjurations
 - Level 9.0 Earth Magic


You had 32 spell levels left.
You knew the following spells:

 Your Spells              Type           Power      Damage    Failure   Level
a - Magic Dart            Conj           100%       1d8       0%          1
b - Searing Ray           Conj           100%       2d8       0%          2
c - Iskenderun's Mystic   Conj/Tloc      100%       2d19      1%          4
d - Iron Shot             Conj/Erth      68%        9d13      1%          6
e - Lehudib's Crystal Sp  Conj/Erth      68%        10d16     11%         8

Your spell library contained the following spells:

 Spells                   Type           Power      Damage    Failure   Level
 Foxfire                  Conj/Fire      100%       2x1d9     0%          1
 Kiss of Death            Conj/Necr      100%       2d13      0%          1
 Shock                    Conj/Air       100%       1d9       0%          1
 Static Discharge         Conj/Air       100%       2-7/arc   0%          2
 Iskenderun's Battlesphe  Conj           100%       2d15      0%          5
 Apportation              Tloc           92%        N/A       1%          1
 Necrotise                Necr           100%       1d9       1%          1
 Summon Small Mammal      Summ           100%       N/A       1%          1
 Sublimation of Blood     Necr           46%        N/A       1%          2
 Confusing Touch          Hex            46%        N/A       1%          3
 Dazzling Flash           Conj/Hex       100%       N/A       1%          3
 Inner Flame              Hex/Fire       62%        N/A       1%          3
 Portal Projectile        Hex/Tloc       92%        N/A       1%          3
 Swiftness                Air            46%        N/A       1%          3
 Tukima's Dance           Hex            46%        N/A       1%          3
 Flame Wave               Conj/Fire      100%       2d21      1%          4
 Fulminant Prism          Conj/Hex       60%        3d26      1%          4
 Petrify                  Tmut/Erth      74%        N/A       1%          4
 Sticky Flame             Conj/Fire      100%       2d11      1%          4
 Irradiate                Conj/Tmut      60%        3d31      1%          5
 Borgnjor's Vile Clutch   Necr/Erth      37%        N/A       3%          5
 Airstrike                Air            23%        2d(4-20)  7%          4
 Dispel Undead            Necr           46%        3d18      7%          4
 Passage of Golubria      Tloc           46%        N/A       7%          4
 Summon Ice Beast         Ice/Summ       46%        N/A       7%          4
 Summon Lightning Spire   Summ/Air       46%        N/A       7%          4
 Spellforged Servitor     Conj/Summ      60%        N/A       9%          7
 Alistair's Intoxication  Tmut/Pois      30%        N/A       19%         5
 Blade Hands              Tmut           23%        N/A       19%         5
 Silence                  Hex/Air        23%        N/A       19%         5
 Summon Forest            Summ/Tloc      23%        N/A       19%         5
 Summon Mana Viper        Hex/Summ       46%        N/A       19%         5
 Yara's Violent Unravell  Hex/Tmut       23%        3d10      19%         5
 Eringya's Noxious Bog    Tmut/Pois      23%        N/A       71%         6
 Summon Cactus Giant      Summ           23%        N/A       71%         6
 Monstrous Menagerie      Summ           23%        N/A       99%         7
 Chain Lightning          Conj/Air       60%        3d80      100%        9


Dungeon Overview and Level Annotations

Branches:
Dungeon (15/15)            Temple (0/1) D:5            Lair (5/5) D:8
 Shoals (4/4) Lair:2       Spider (4/4) Lair:2        Slime (0/5) Lair:5
    Orc (2/2) D:9             Elf (0/3) Orc:2        Vaults (0/5) D:13
 Depths (0/4) D:15          Sewer (visited)          Bailey (visited)
  IceCv (visited)

Shops:
D:1 (   D:3 ?   D:5 *?   D:6 *   Orc:2 ***?*[

Portals:
Abyss: Lair:5

Annotations:
D:5 2 transporters, NoOffense's ghost, amateur TrEn


Innate Abilities, Weirdness & Mutations

You have an increased reservoir of magic. (+10% MP)
You shall have no god before yourself.
Your divine heritage dramatically boosts your attributes as you level up.
You are partially covered in iridescent scales. (AC +2)
You expend magic power (3 MP) to strengthen your wands.


Message History

Confirm with . or Enter, or press ? or * to list all spells.
You feel a surge of power!
You erupt in a blast of force!
The mystic blast hits the radroach!!
The radroach is heavily wounded.
The radroach is knocked back by the mystic blast.
The mystic blast hits the demonic crawler!
The demonic crawler is moderately wounded.
The demonic crawler is knocked back by the mystic blast.
The mystic blast hits the demonic crawler but does no damage.
The demonic crawler is lightly wounded.
The demonic crawler hits you!
The demonic crawler hits you but does no damage.
The demonic crawler hits you!
* * * LOW HITPOINT WARNING * * *
Casting: Iskenderun's Mystic Blast (safe; 1% risk of failure)
Confirm with . or Enter, or press ? or * to list all spells.
Aiming: Iron Shot (mildly dangerous; 1% risk of failure)
Press: ? - help, Shift-Dir - straight line, f - demonic crawler
Aim: a demonic crawler (91% to hit)
You feel a surge of power!
The iron shot hits the demonic crawler!!!
The demonic crawler is severely wounded.
The demonic crawler closely misses you. The demonic crawler misses you.
The demonic crawler hits you.
* * * LOW HITPOINT WARNING * * *
Unknown command.
As you read the scroll of fear, it crumbles to dust.
You assume a fearsome visage.
The radroach looks frightened!
The demonic crawler resists with almost no effort. x2
The demonic crawler hits you!
* * * LOW HITPOINT WARNING * * *
The demonic crawler completely misses you.
The demonic crawler hits you.
* * * LOW HITPOINT WARNING * * *
The demonic crawler barely misses you. The demonic crawler hits you!
* * * LOW HITPOINT WARNING * * *
The demonic crawler hits you.
* * * LOW HITPOINT WARNING * * *
The demonic crawler hits you!
You die...

#### ##..## #### #....#######
###..# ###.^#.^#....#
######....####....#.###...#
#..#.##...^##.s.....#...^##
##....#.....###.@s...#..(###
....#......##.###...#......##
....#......#..#^....#.......#
...###....##..#...[.#.......#
.....##...^...#.............#
......#...#..^##.....B......###
#.........#....##.........^##.##
^.#..).......^..#....#...###..^##
..##...........^#.^..#...#....###


You could see a radroach (fleeing) and 2 demonic crawlers.

Vanquished Creatures
  Jorgrun (Orc:1)
  Mlioglotl (Shoals:3)
  2 krakens
  The ghost of spanner the Severer, an adept MiBe of Trog (Spider:1)
  Ilsuiw (Shoals:2)
  Kirke (Shoals:1)
  An emperor scorpion (Spider:1)
  2 ghost moths
  An orc warlord (Bailey)
  A broodmother (Spider:3)
  Azrael (D:12)
  A bunyip (shapeshifter) (D:10)
  The ghost of Sar the Severer, a journeyman MeBe of Trog (D:11)
  Snorg (D:10)
  6 merfolk javelineers
  10 merfolk impalers
  6 hydras
  An entropy weaver (shapeshifter) (Lair:5)
  4 entropy weavers
  2 alligator snapping turtles
  7 vault guards (D:13)
  A catoblepas (D:14)
  2 centaur warriors
  4 boulder beetles
  Erica (Orc:1)
  A radroach (Spider:3)
  A merfolk avatar (Shoals:4)
  2 ironbound frosthearts (IceCv)
  4 two-headed ogres
  4 merfolk aquamancers
  4 tengu warriors
  3 satyrs
  7 death yaks (IceCv)
  3 orc high priests (Orc:2)
  4 thrashing horrors (Lair:5)
  A skeletal warrior (D:10)
  4 pharaoh ants
  3 skysharks
  11 sea snakes
  An orb spider (Spider:3)
  2 wizards (D:15)
  The ghost of RichitheSlayer the Carver, a novice MiMo (D:6)
  10 orc knights
  8 steelbarb worms
  25 harpies
  Pikel (D:9)
  4 deep elf pyromancers
  7 orc sorcerers
  15 manticores
  4 moths of wrath (Spider:3)
  4 cyclopes
  22 fauns
  16 ugly things
  A salamander (D:15)
  13 wolf spiders
  9 elephants
  8 water nymphs
  A water nymph (shapeshifter) (D:15)
  9 merfolk sirens
  3 black mambas
  11 cane toads
  2 gargoyles
  3 ice statues
  4 torpor snails
  5 demonic crawlers
  3 rime drakes
  An unseen horror (D:11)
  A freezing wraith (Lair:5)
  3 komodo dragons
  2 ancient zymes (Lair:5)
  An efreet (D:10)
  A yaktaur (D:15)
  14 merfolk
  10 meliai
  4 wind drakes
  A wind drake (shapeshifter) (D:15)
  9 trolls
  13 polar bears
  A large abomination (Lair:5)
  A hornet (D:9)
  11 tarantellas
  7 snapping turtles
  13 dream sheep
  19 blink frogs
  2 centaur simulacra
  12 small abominations (Lair:5)
  A spriggan (Lair:5)
  10 culicivoras
  15 jumping spiders
  5 slime creatures (D:14)
  A ynoxinul (Lair:5)
  4 shadows
  11 water elementals
  A wraith (D:11)
  4 hogs (Shoals:1)
  10 basilisks
  2 vampires
  7 wyverns
  69 yaks
  46 redbacks
  A steam dragon (D:10)
  6 vampire mosquitoes
  2 chaos spawn (Lair:5)
  A swamp worm (shapeshifter) (Lair:5)
  2 acid dragons
  7 hell hounds
  15 water moccasins
  37 orc warriors
  11 ice beasts
  3 sky beasts
  6 black bears
  9 ogres
  A black bear (shapeshifter) (Lair:5)
  57 wolves
  19 centaurs
  2 lemures (D:9)
  A phantom (D:5)
  3 kobold brigands
  A gnoll sergeant (D:6)
  8 bullfrogs
  3 scorpions
  18 wights
  A killer bee (D:9)
  7 howler monkeys
  9 electric eels
  3 lava snakes (D:7)
  10 orc priests
  5 gnoll boudas
  7 hounds
  4 iguanas
  Natasha (thrice) (D:4)
  2 sleepcaps
  Terence (D:2)
  Ijyb (D:3)
  34 orc wizards
  A killer bee simulacrum (D:6)
  17 gnolls
  5 adders
  A shadow imp (D:7)
  17 white imps
  3 worms (D:2)
  2 dart slugs
  73 orcs
  10 ball pythons
  6 bats
  4 endoplasms
  5 giant cockroaches
  20 goblins
  17 hobgoblins
  2 quokkas
  5 frilled lizards
  19 kobolds
  6 rats
1129 creatures vanquished.

Vanquished Creatures (others)
  A human (Shoals:1)
  An orc priest (Orc:2)
  An orc (Orc:2)
  8 tentacles
11 creatures vanquished.

Grand Total: 1140 creatures vanquished

Notes
Turn   | Place    | Note
-------+----------+-------------------------------------------
     0 | D:1      | McKennaii the Demigod Conjurer began the quest for the Orb.
     0 | D:1      | Reached XP level 1. HP: 14/14 MP: 5/5
   289 | D:1      | Reached XP level 2. HP: 20/20 MP: 3/7
   428 | D:1      | Reached skill level 4 in Conjurations
   592 | D:1      | Found Myrai's Weapon Shop.
  1265 | D:2      | Reached XP level 3. HP: 26/26 MP: 4/9
  1368 | D:2      | Learned a level 2 spell: Searing Ray
  2075 | D:2      | Identified the +1 scale mail of the Lizard {Fly}
  2330 | D:3      | Noticed Terence
  2331 | D:3      | Noticed Ijyb
  2337 | D:2      | Killed Terence
  2338 | D:2      | Reached XP level 4. HP: 20/33 MP: 3/11
  2380 | D:3      | Found a glowing drain.
  2400 | Sewer    | Entered a sewer
  2814 | Sewer    | Noticed a kobold brigand
  2814 | Sewer    | Noticed a kobold brigand
  2818 | Sewer    | Killed a kobold brigand
  2819 | Sewer    | Reached skill level 5 in Conjurations
  2819 | Sewer    | Reached XP level 5. HP: 24/38 MP: 6/13
  2819 | Sewer    | Gained mutation: You expend magic power (3 MP) to
                  | strengthen your wands. [potion of mutation]
  2819 | Sewer    | Gained mutation: You are partially covered in iridescent
                  | scales. (AC +2) [potion of mutation]
  3038 | D:3      | Found Kozul's Magic Scroll Shop.
  3053 | D:3      | Killed Ijyb
  3159 | D:3      | Bought a scroll of teleportation for 42 gold pieces
  3712 | D:3      | Reached XP level 6. HP: 43/45 MP: 9/15
  3862 | D:4      | Found a transporter.
  3868 | D:4      | Identified the +1 robe "Amauckeu" {*Corrode Will+ Str+3
                  | SInv}
  3907 | D:4      | Found a transporter.
  4413 | D:4      | Noticed a water moccasin
  4419 | D:4      | Killed a water moccasin
  4420 | D:4      | Reached skill level 6 in Conjurations
  4446 | D:4      | Learned a level 4 spell: Iskenderun's Mystic Blast
  4565 | D:4      | Noticed Natasha
  4570 | D:4      | Killed Natasha
  4571 | D:4      | Reached XP level 7. HP: 43/50 MP: 10/17
  4753 | D:4      | Noticed Natasha
  4763 | D:4      | Killed Natasha
  4764 | D:4      | Reached skill level 5 in Spellcasting
  4864 | D:4      | Noticed Natasha
  4871 | D:4      | Killed Natasha
  5306 | D:5      | Entered Level 5 of the Dungeon
  5415 | D:5      | Found a staircase to the Ecumenical Temple.
  5428 | D:5      | Reached skill level 7 in Conjurations
  5618 | D:5      | Reached XP level 8. HP: 57/57 MP: 12/20
  5666 | D:5      | Found Syutt's Assorted Antiques.
  5800 | D:5      | Found a transporter.
  5805 | D:5      | Noticed NoOffense's ghost (amateur TrEn)
  5806 | D:5      | Identified the +4 sling of the Beast {drain, Str+4}
  5809 | D:5      | Found a transporter.
  6196 | D:5      | Found Tiuliup's Magic Scroll Shop.
  6368 | D:6      | Found a runed translucent gate.
  6368 | D:6      | Found a runed translucent gate.
  6368 | D:6      | Found a runed translucent gate.
  6439 | D:5      | Reached skill level 8 in Conjurations
  6880 | D:6      | Noticed RichitheSlayer's ghost (novice MiMo)
  7112 | D:6      | You fall into a shaft and drop 3 floors!
  7285 | D:9      | Reached XP level 9. HP: 8/62 MP: 4/24
  7286 | D:9      | Reached skill level 9 in Conjurations
  8023 | D:8      | Found a staircase to the Lair.
  8044 | D:9      | Reached skill level 10 in Conjurations
  8353 | D:7      | Noticed a cyclops
  8358 | D:7      | Killed a cyclops
  8534 | D:7      | Reached XP level 10. HP: 68/69 MP: 8/27
  8593 | D:7      | Found a flagged portal.
  8690 | Bailey   | Entered a bailey
  8752 | Bailey   | Noticed an orc knight
  8781 | Bailey   | Killed an orc knight
  9003 | Bailey   | Reached skill level 11 in Conjurations
  9171 | Bailey   | Noticed an orc warlord
  9863 | Bailey   | Killed an orc warlord
  9864 | Bailey   | Reached skill level 10 in Spellcasting
 10922 | D:6      | Found Zoankaf's Neck Hole.
 11207 | D:6      | Got the ring of Giegav {Fire rN+}
 11323 | D:6      | Killed RichitheSlayer's ghost
 11350 | D:6      | Identified the +0 robe "Joeduwug" {rElec}
 11675 | D:7      | Noticed a +0 spear
 11675 | D:7      | Noticed a +0 falchion
 11675 | D:7      | Noticed a +0 short sword
 11675 | D:7      | Noticed a +0 dagger
 11675 | D:7      | Noticed a +0 short sword
 11677 | D:7      | Noticed a +0 falchion
 11677 | D:7      | Noticed a +0 dagger
 11677 | D:7      | Noticed a +0 spear
 12308 | D:8      | Reached skill level 12 in Conjurations
 12308 | D:8      | Reached XP level 11. HP: 55/74 MP: 2/30
 12463 | D:8      | Found a transporter.
 12502 | D:8      | Found a transporter.
 13655 | D:8      | Found a transporter.
 14114 | D:8      | Found a transporter.
 14989 | D:9      | Noticed Pikel
 15003 | D:9      | Killed Pikel
 15480 | D:9      | Found a staircase to the Orcish Mines.
 16075 | D:10     | Entered Level 10 of the Dungeon
 16195 | D:10     | Noticed a deep elf pyromancer
 16195 | D:10     | Noticed an orc knight
 16195 | D:10     | Noticed a skeletal warrior
 16204 | D:10     | Noticed a deep elf pyromancer
 16246 | D:10     | Noticed an eight-headed hydra
 16247 | D:10     | Noticed a seven-headed hydra
 16345 | D:10     | Reached skill level 13 in Conjurations
 16463 | D:10     | Learned a level 6 spell: Iron Shot
 16665 | D:10     | Reached skill level 1 in Earth Magic
 16699 | D:10     | Identified the +3 ring mail of Mysticism {Will+ Dex+2 SInv}
 16737 | D:10     | Noticed Snorg
 16756 | D:10     | Killed Snorg
 17197 | D:11     | Noticed Sar's ghost (journeyman MeBe)
 17198 | D:11     | Noticed a two-headed ogre
 17199 | D:11     | Found a runed translucent gate.
 17199 | D:11     | Found a runed translucent gate.
 17199 | D:11     | Found a runed translucent gate.
 17240 | D:11     | Reached skill level 1 in Armour
 17915 | D:12     | Noticed a two-headed ogre
 17929 | D:12     | Killed a two-headed ogre
 18032 | D:12     | Noticed a two-headed ogre
 18040 | D:12     | Killed a two-headed ogre
 18325 | D:12     | Noticed Azrael
 18617 | Lair:1   | Entered Level 1 of the Lair of Beasts
 18808 | Lair:1   | Reached XP level 12. HP: 81/81 MP: 23/32
 19961 | Lair:2   | Found a hole to the Spider Nest.
 20335 | Lair:2   | Reached skill level 5 in Earth Magic
 20449 | Lair:2   | Found a staircase to the Shoals.
 20580 | Lair:2   | Reached skill level 5 in Armour
 20628 | Lair:2   | Reached skill level 14 in Conjurations
 22121 | Lair:4   | Reached XP level 13. HP: 86/86 MP: 25/34
 22907 | Lair:5   | Entered Level 5 of the Lair of Beasts
 22945 | Lair:5   | Found a frozen archway.
 22998 | IceCv    | Entered an ice cave
 24100 | IceCv    | Reached skill level 15 in Conjurations
 24273 | IceCv    | Identified the +2 chain mail of the Sufficient God {Fly}
 25284 | Lair:5   | Found a staircase to the Slime Pits.
 25313 | Lair:5   | Reached XP level 14. HP: 86/93 MP: 19/37
 26372 | Lair:5   | Found a one-way gate to the infinite horrors of the Abyss.
 26436 | Lair:5   | Identified the staff of earth "Utoilo" {Will+}
 27437 | D:11     | Reached skill level 16 in Conjurations
 27757 | D:11     | Killed Sar's ghost
 28424 | D:12     | Killed Azrael
 29134 | D:13     | Found a gate to the Vaults.
 29413 | D:14     | Reached skill level 15 in Spellcasting
 30560 | D:15     | Entered Level 15 of the Dungeon
 30562 | D:15     | Reached XP level 15. HP: 99/99 MP: 33/39
 30932 | D:15     | Reached skill level 17 in Conjurations
 31964 | D:6      | Bought a scarf of resistance for 352 gold pieces
 32113 | Orc:1    | Entered Level 1 of the Orcish Mines
 32119 | Orc:1    | Noticed Jorgrun
 32326 | Orc:1    | Killed Jorgrun
 32458 | Orc:1    | Noticed Erica
 32706 | Orc:1    | Killed Erica
 32975 | Orc:2    | Entered Level 2 of the Orcish Mines
 32975 | Orc:2    | Found Gur Lum's Specific Store.
 32975 | Orc:2    | Found Uheeteb's General Store.
 32984 | Orc:2    | Bought a potion of curing for 51 gold pieces
 33835 | Orc:2    | Found a staircase to the Elven Halls.
 34538 | Orc:2    | Found Liytemono's Antique Armour Shoppe.
 34544 | Orc:2    | Found Noifisoh's General Store.
 34551 | Orc:2    | Found Sicix's Magic Scroll Shop.
 34553 | Orc:2    | Found Vuziarac's General Store.
 34591 | Orc:2    | Bought the Catalogue of Blows for 544 gold pieces
 34594 | Orc:2    | Bought a scroll of fear for 60 gold pieces
 34594 | Orc:2    | Bought a scroll of blinking for 112 gold pieces
 34604 | Orc:2    | Bought a potion of curing for 45 gold pieces
 34604 | Orc:2    | Bought a +1 pair of boots of flying for 247 gold pieces
 34613 | Orc:2    | Bought a steaming leather armour for 189 gold pieces
 34613 | Orc:2    | Identified the +0 leather armour of the Great Game {Rampage
                  | Drain Will++} (You bought it in a shop on level 2 of the
                  | Orcish Mines)
 34616 | Orc:2    | Bought a twisted leather armour for 189 gold pieces
 34616 | Orc:2    | Identified the +0 leather armour of Ignis's Respect {rPois
                  | rF+ Int+4} (You bought it in a shop on level 2 of the
                  | Orcish Mines)
 34777 | Shoals:1 | Entered Level 1 of the Shoals
 35368 | Shoals:1 | Reached skill level 18 in Conjurations
 35529 | Shoals:1 | Noticed Kirke
 35599 | Shoals:1 | Killed Kirke
 35686 | Shoals:1 | Found a gateway to a bazaar.
 36588 | Shoals:2 | Reached XP level 16. HP: 95/105 MP: 19/42
 37548 | Shoals:2 | Noticed Ilsuiw
 37958 | Shoals:2 | Killed Ilsuiw
 39721 | Shoals:3 | Reached skill level 19 in Conjurations
 40096 | Shoals:3 | Noticed a kraken
 40105 | Shoals:3 | Killed a kraken
 40352 | Shoals:3 | Noticed Mlioglotl
 40357 | Shoals:3 | Killed Mlioglotl
 40835 | Shoals:4 | Entered Level 4 of the Shoals
 41395 | Shoals:4 | Noticed a kraken
 41404 | Shoals:4 | Killed a kraken
 41819 | Shoals:4 | Identified the staff of conjuration "Qerchec Sao" {rF+
                  | rCorr Int+4}
 41837 | Shoals:4 | Learned a level 8 spell: Lehudib's Crystal Spear
 42456 | Shoals:4 | Got a barnacled rune of Zot
 42720 | Spider:1 | Entered Level 1 of the Spider Nest
 43209 | Spider:1 | Reached XP level 17. HP: 111/111 MP: 33/45
 43638 | Spider:1 | Found a runed translucent door.
 43641 | Spider:1 | Noticed spanner's ghost (adept MiBe)
 43677 | Spider:1 | Reached skill level 20 in Conjurations
 43814 | Spider:1 | Killed spanner's ghost
 44376 | D:10     | Identified the +9 mace "Foakhleorch" {flame, *Noise rC+
                  | Will++ Str+4}
 44390 | D:10     | Identified the ring of Moxazxio {Fire rPois rCorr Int+3
                  | Stlth+}
 44392 | D:10     | Identified the +5 dagger of Lust {heavy, rC+}
 44829 | Bazaar   | Entered a bazaar
 44850 | Bazaar   | Found Jootzad's Antique Armour Shoppe.
 44850 | Bazaar   | Found Xeshraxko's Antique Weapon Emporium.
 44872 | Bazaar   | Found Derghargh's Jewellery Shoppe.
 44872 | Bazaar   | Found Pogodakk's Weapon Emporium.
 44894 | Bazaar   | Found Yxaes Pegasi's Jewellery Shoppe.
 44894 | Bazaar   | Found Leimeog's Distillery.
 44905 | Bazaar   | Bought a potion of curing for 27 gold pieces
 44905 | Bazaar   | Bought a potion of curing for 27 gold pieces
 44905 | Bazaar   | Bought a potion of curing for 27 gold pieces
 44905 | Bazaar   | Bought a potion of haste for 90 gold pieces
 44905 | Bazaar   | Bought a potion of heal wounds for 45 gold pieces
 44905 | Bazaar   | Bought a potion of ambrosia for 72 gold pieces
 44905 | Bazaar   | Bought a potion of ambrosia for 72 gold pieces
 44981 | Bazaar   | Bought an agate-encrusted scale mail for 162 gold pieces
 44981 | Bazaar   | Identified the +6 scale mail of Happy Babbling {rPois rF+
                  | Will+} (You bought it in a shop in a bazaar)
 44981 | Bazaar   | Bought a pair of glowing boots for 135 gold pieces
 44981 | Bazaar   | Bought a glowing helmet for 135 gold pieces
 46668 | Spider:4 | Entered Level 4 of the Spider Nest
 46680 | Spider:3 | HP: 3/111 [meliai/divine providence (16)]
 47258 | Spider:3 | HP: 4/111 [demonic crawler (5)]
 47258 | Spider:3 | Mangled by a demonic crawler

Illustrated notes

Levels and vault maps discovered:
D:1:      tarquinn_simple_flora_water_a, layout_loops_ring, serial_shops, shop,
          supply_closet_lemuel
D:2:      minmay_door_path, layout_loops_cross, serial_glass, glass_columns_a,
          glass_columns_c, due_unseen_surprise, minmay_strange_pillars,
          minmay_tetromino_s2
D:3:      layout_rooms, mainiacjoe_overflow_small_starburst, trog_antimagical,
          portal_sewer_entry_d, serial_shops, shop_scrolls,
          nicolae_kite_square_tiling_tiny, uniq_ijyb, uniq_terence
D:4:      gammafunk_steamed_eel, layout_loops_ring, led_sif_book,
          old_standard_altar, nemelex_dance_club_becter, uniq_natasha
D:5:      layout_basic, minmay_temple_entry_arrows, gammafunk_ghost_arena,
          serial_shops, shop, nicolae_shop_rolled_up
D:6:      layout_basic, mainiacjoe_overflow_surrounded_room,
          mainiacjoe_overflow_brackets, gammafunk_ghost_icy,
          nicolae_shop_sticking_my_neck_out
D:7:      nzn_winding_woodlands_cross
          [nzn_winding_woodlands_5x15_river_crossing,
          nzn_winding_woodlands_5x15_pool,
          nzn_winding_woodlands_5x15_lazy_stream,
          nzn_winding_woodlands_5x15_eye, nzn_winding_woodlands_15x15_eel_pit],
          layout_rooms, nicolae_overflow_two_pavilions,
          nicolae_uskayaw_en_pointe, enter_bailey_5, minmay_checkerbox
D:8:      kennysheep_seaside_town, layout_loops_ring, elyvilon_altar_1,
          amcnicky_altar_gilded, minmay_lair_entry_grove,
          nicolae_transporter_intersection
D:9:      lemuel_ice_statue, layout_basic, kennysheep_nondescript, uniq_pikel
D:10:     layout_basic, minivault_19, minivault_12, uniq_snorg
D:11:     layout_basic, gammafunk_ghost_split
D:12:     layout_small_grid, hangedman_decor_points, uniq_azrael
D:13:     layout_irregular_city, erik_vaults_2, nicolae_wwwww
D:14:     layout_loops_corners, reono_crystal_passage
D:15:     hangedman_depths_entry_try_elsewhere_first, layout_loops_ring,
          okawaru_trees_2
Lair:1:   hellmonk_ruined_rings, layout_regular_city, serial_bayou_ford_a
Lair:2:   beast_lair_carwin_large_1, layout_gridlike,
          minmay_shoals_entry_lonely_mermaid, spider_nest_entry_webs
Lair:3:   layout_roguey
Lair:4:   layout_misc_corridors, grunt_forest_large_clearings
Lair:5:   hellmonk_lair_end_abyssal_woods, layout_loops_ring, slime_entry_1,
          portal_ice_cave_entry_imps, minivault_24, ice2_lemuel
Shoals:1: layout_shoals, serial_shops, bzr_entry_water, uniq_kirke
Shoals:2: layout_shoals, uniq_ilsuiw
Shoals:3: layout_shoals, uniq_mlioglotl
Shoals:4: shoals_end_hangedman, layout_shoals
Spider:1: layout_spider_delve, ebering_ghost_reflecting_pool,
          nicolae_spider_baby_got_redback
Spider:2: layout_spider_delve
Spider:3: layout_spider_delve
Spider:4: hellmonk_spider_rune_bug_friends, drop_trap
Orc:1:    layout_caves, uniq_jorgrun, uniq_erica
Orc:2:    st_orc_elflike, layout_caves, nicolae_specific_store

Skill      XL: |  1  2  3  4  5  6  7  8  9 10 11 12 13 14 15 16 17 |
---------------+----------------------------------------------------+-----
Spellcasting   | 2 3 4 6 7 9 10 12 13 15 16 18 | 18.7
Conjurations   | 4 5 6 7 8 10 12 13 14 15 16 18 19 20 | 20.4
Earth Magic    | 3 5 8 9 |  9.0
Armour         | 2 5 6 7 |  7.3
Dodging        | |  1.7
Stealth        | |  1.7

Action                     |  1- 3 |  4- 6 |  7- 9 | 10-12 | 13-15 | 16-18 || total
---------------------------+-------+-------+-------+-------+-------+-------++-------
  Melee: Unarmed           |     2 |       |       |       |       |       ||     2
         Short sword       |       |    25 |     3 |       |       |       ||    28
         Staff             |       |       |       |     8 |    27 |     2 ||    37
   Fire: Sling             |       |       |    53 |   180 |       |       ||   233
   Cast: Magic Dart        |    73 |    73 |    38 |   393 |   134 |       ||   711
         Searing Ray       |     5 |    24 |    50 |   107 |    30 |       ||   216
         Iskenderun's Myst |       |       |    24 |   192 |   127 |    72 ||   415
         Iron Shot         |       |       |       |       |   467 |   344 ||   811
  Evoke: Wand              |       |       |    11 |    11 |     4 |     5 ||    31
    Use: Scroll            |     6 |     1 |     5 |     7 |     8 |     6 ||    33
         Potion            |       |     9 |     1 |     1 |     2 |     3 ||    16
 Armour: Robe              |     1 |    12 |    38 |    28 |       |       ||    79
         Skin              |       |     2 |       |       |       |       ||     2
         Ring mail         |       |       |       |    48 |   148 |   111 ||   307
         Leather armour    |       |       |       |       |    22 |       ||    22
  Dodge: Dodged            |    12 |    41 |    85 |   140 |   188 |   109 ||   575
